 Dungeon Crawl Stone Soup version 0.31-a0-331-geda263fcf1 (webtiles) character file.

Game seed: 6015147992507454265

8624 Shard1697 the Carver (level 11, -1/145 HPs)
             Began as a White Draconian Ice Elementalist on July 20, 2023.
             Was an Elder of Ru.
             Slain by an orange demon (4 damage)
             ... led by Amaemon
             ... on level 10 of the Dungeon.
             The game lasted 00:20:28 (9796 turns).

Shard1697 the Carver (DrIE)                         Turns: 9796, Time: 00:20:28

Health: -1/145     AC: 13    Str: 11    XL:     11   Next: 12%
Magic:  15/17      EV: 13    Int: 18    God:    Ru [****..]
Gold:   497        SH:  0    Dex: 19    Spells: 3/18 levels left

rFire   + . .        a - +4 great sword (freeze)
rCold   + + .        (shield currently unavailable)
rNeg    . . .        (body armour unavailable)
rPois   .            q - +0 hat
rElec   .            r - scarf {rC+ rF+}
rCorr   .            j - +1 pair of gloves
SInv    .            (no boots)
Will    .....        (no amulet) Stlth
                     z - +6 ring of dexterity
HPRegen 0.44/turn    x - +4 ring of protection
MPRegen 0.15/turn

%: no passive effects
@: berserking (expiring), lethally poisoned (-1 -> -7), slowed, unable to read
A: breathe frost, AC +7, unfitting armour, cold resistance 1, cold-blooded,
inability to read after injury 2, inability to use devices, no conjurations
magic, no poison magic, no transmutations magic
a: Breathe Frost, Renounce Religion, Draw Out Power, Power Leap


You were on level 10 of the Dungeon.
You worshipped Ru.
Ru was greatly pleased with you.
You visited 1 branch of the dungeon, and saw 10 of its levels.
You also visited: Sewer.

You collected 497 gold pieces.

Inventory:

Hand Weapons
 a - a +4 great sword of freezing (weapon)
 b - a +1 sling of electrocution
Armour
 j - a +1 pair of gloves (worn)
 q - a +0 hat (worn)
 r - a scarf of resistance (worn)
Jewellery
 c - a ring of willpower
 d - an amulet of magic regeneration
 m - the ring of Guqonk {rPois rC+++ Will+ Str-5 Int-3}
   (You found it on level 2 of the Dungeon)

   [ring of willpower]

   Str:       It affects your strength (-5).
   Int:       It affects your intelligence (-3).
   rC:        It renders you almost immune to cold.
   rPois:     It protects you from poison.
   Will:      It increases your willpower.
 u - a ring of ice
 x - a +4 ring of protection (right hand)
 z - a +6 ring of dexterity (left hand)
Scrolls
 g - 2 scrolls of vulnerability
 n - a scroll of blinking
 s - a scroll of immolation
 v - a scroll of teleportation
 y - a scroll of fog {unknown}
Potions
 f - 2 potions of brilliance
 i - a potion of invisibility
 k - 2 potions of cancellation {unknown}
 l - 8 potions of heal wounds
 o - a potion of enlightenment
 p - 2 potions of attraction {unknown}
 t - 2 potions of magic
 w - 3 potions of haste


   Skills:
 + Level 9.5 Fighting
 + Level 10.9 Long Blades
 + Level 2.3 Dodging
 - Level 1.7 Stealth
 - Level 4.0 Spellcasting
 - Level 8.5 Summonings
 - Level 6.7 Ice Magic


You had 3 spell levels left.
You knew the following spells:

 Your Spells              Type           Power      Damage    Failure   Level
a - Freeze                Ice            100%       1d10      1%          1
b - Frozen Ramparts       Ice            54%        1d9       2%          3
c - Ozocubu's Armour      Ice            27%        N/A       2%          3
d - Summon Lightning Spi  Summ/Air       18%        N/A       26%         4
t - Summon Ice Beast      Ice/Summ       31%        N/A       6%          4

Your spell library contained the following spells:

 Spells                   Type           Power      Damage    Failure   Level
 Summon Small Mammal      Summ           100%       N/A       1%          1
 Apportation              Tloc           6%         N/A       14%         1
 Necrotise                Necr           12%        1d4       14%         1
 Sublimation of Blood     Necr           3%         N/A       22%         2
 Vampiric Draining        Necr           3%         2d6       41%         3
 Metabolic Englaciation   Hex/Ice        7%         N/A       71%         5
 Airstrike                Air            1%         2d(1-17)  82%         4
 Agony                    Necr           3%         N/A       99%         5
 Lee's Rapid Deconstruct  Erth           1%         3d4*      99%         5
 Static Discharge         Conj/Air       Unusable   2-3/arc   N/A         2
 Animate Armour           Summ/Erth      Unusable   N/A       N/A         4
 Petrify                  Tmut/Erth      Unusable   N/A       N/A         4
 Irradiate                Conj/Tmut      Unusable   3d12      N/A         5

Dungeon Overview and Level Annotations

Branches:
Dungeon (10/15)            Temple (0/1) D:6           Sewer (visited)
   Lair: D:8-11         Orc: D:9-12

Altars:
Ashenzari
Cheibriados
Fedhas
Makhleb
Qazlal
Ru
Wu Jian
The Shining One

Annotations:
D:6 exclusions: 2 centaurs and 1 more exclusion


Innate Abilities, Weirdness & Mutations

You can breathe waves of freezing cold which knock back foes.
Your icy white scales are hard. (AC +7)
You cannot fit into any form of body armour.
Your flesh is cold resistant. (rC+)
You are cold-blooded and may be slowed by cold attacks.
You sometimes lose the ability to read scrolls when taking damage.
You cannot study or use magical devices.
You cannot study or cast Conjurations magic.
You cannot study or cast Poison magic.
You cannot study or cast Transmutations magic.


Message History

The scorpion closely misses your ice beast.
Your ice beast hits the scorpion.
Your ice beast freezes the scorpion!
You closely miss Amaemon.
Amaemon is almost dead.
The scorpion stings you but does no damage.
The scorpion closely misses you. The scorpion misses you. x2
The scorpion closely misses you. The scorpion barely misses you.
The scorpion barely misses your ice beast.
The scorpion misses you. The orange demon barely misses you.
You redirect Amaemon's attack!
Amaemon misses you. Amaemon claws you but does no damage. Amaemon misses you.
Your ice beast barely misses the scorpion.
The scorpion stings you but does no damage.
The scorpion barely misses you.
The scorpion stings you but does no damage.
The scorpion barely misses you. x2; The scorpion misses you.
You completely miss Amaemon.
Amaemon is almost dead.
The scorpion stings your ice beast.
The scorpion stings you but does no damage.
The orange demon stings you from afar.
* * * LOW HITPOINT WARNING * * *
Amaemon barely misses you. Amaemon closely misses you.
Amaemon tail-slaps you but does no damage.
The scorpion stings you but does no damage. x3
Your ice beast completely misses the scorpion.
The scorpion is stunned by your conviction and fails to attack.
The scorpion misses you.
The scorpion stings you but does no damage.
The scorpion stings your ice beast. The scorpion stings you.
* * * LOW HITPOINT WARNING * * *
You are lethally poisoned!
The scorpion poisons you!
You slice Amaemon!! You freeze Amaemon.
You kill Amaemon!
The scorpion disappears in a puff of smoke! x9
* * * LOW HITPOINT WARNING * * *
You feel very sick. The orange demon stings you from afar.
You die...

+........... #...<.......
#..)........
#........#########
.#........#.......#
.##'#######.......######.
................Y§.......
...............§§§......
.....#####.....§@)4.....
.....#####...##§§§.####. .
.............##.§..####....
..................<........
###########################


You could see an orange demon and a friendly ice beast (summoned).

Vanquished Creatures
  Fannar (D:10)
  A two-headed ogre (D:9)
  Amaemon (D:10)
  Pikel (D:7)
  Grinder (Sewer)
  2 wyverns (D:9)
  6 yaks (D:9)
  2 steam dragons
  Edmund (D:5)
  A water moccasin (D:5)
  A sky beast (D:8)
  An ice beast (D:5)
  2 orc warriors
  2 black bears
  2 centaurs
  A lemure (D:7)
  A phantom (D:4)
  3 kobold brigands
  A bullfrog (D:7)
  3 scorpions
  2 gnoll sergeants (D:9)
  7 wights
  2 killer bees (D:7)
  2 quasits (Sewer)
  6 orc priests
  2 gnoll boudas
  Natasha (thrice) (D:3)
  7 orc wizards
  Robin (D:2)
  16 gnolls
  8 adders
  5 shadow imps (Sewer)
  2 white imps (D:7)
  7 ufetubi
  An adder zombie (Sewer)
  5 worms
  2 dart slugs (D:3)
  15 orcs
  A bat zombie (Sewer)
  2 endoplasms (D:1)
  6 giant cockroaches
  18 goblins
  11 hobgoblins
  15 jackals
  20 kobolds
  4 quokkas
  11 ball pythons
  6 bats
  4 kobold zombies (Sewer)
  9 rats
234 creatures vanquished.

Vanquished Creatures (collateral kills)
  Gastronok (D:9)
  Maurice (D:8)
  Prince Ribbit (D:5)
  A black bear (D:5)
  An ogre (D:5)
  A killer bee (D:7)
  A howler monkey (D:7)
  An orc priest (D:5)
  A jelly (D:5)
  2 orc wizards
  2 orcs
  2 kobolds (D:9)
15 creatures vanquished.

Vanquished Creatures (others)
  Joseph (D:9)
  A steam dragon (D:7)
  An orc wizard (D:8)
  An endoplasm (Sewer)
  A giant cockroach zombie (Sewer)
5 creatures vanquished.

Grand Total: 254 creatures vanquished

Notes
Turn   | Place    | Note
-------+----------+-------------------------------------------
     0 | D:1      | Shard1697 the Draconian Ice Elementalist began the quest
                  | for the Orb.
     0 | D:1      | Reached XP level 1. HP: 14/14 MP: 3/3
    61 | D:1      | Reached XP level 2. HP: 15/20 MP: 0/5
   342 | D:1      | Reached XP level 3. HP: 26/26 MP: 7/7
   356 | D:1      | Learned a level 3 spell: Frozen Ramparts
   360 | D:1      | Learned a level 3 spell: Ozocubu's Armour
   704 | D:2      | Noticed Robin
   715 | D:2      | Killed Robin
   859 | D:2      | Found a broken altar of Ashenzari.
  1133 | D:2      | Reached XP level 4. HP: 33/33 MP: 8/8
  1289 | D:2      | Identified the ring of Guqonk {rPois rC+++ Will+ Str-5
                  | Int-3}
  1584 | D:3      | Noticed Natasha
  1587 | D:3      | Killed Natasha
  1588 | D:3      | Reached skill level 5 in Ice Magic
  1654 | D:3      | Found a sacrificial altar of Ru.
  1671 | D:3      | Reached XP level 5. HP: 33/38 MP: 6/10
  1674 | D:3      | Became a worshipper of Ru the Awakened
  1936 | D:3      | Learned a level 4 spell: Summon Ice Beast
  2076 | D:3      | Noticed Natasha
  2080 | D:3      | Killed Natasha
  2081 | D:3      | Reached skill level 1 in Summonings
  2207 | D:3      | Noticed Natasha
  2212 | D:3      | Killed Natasha
  2342 | D:3      | Reached XP level 6. HP: 45/45 MP: 12/12
  2468 | D:3      | Found a burning altar of Makhleb.
  2475 | D:3      | Identified the +5 hand axe of Xom's Grace {heavy, Int+3}
  2636 | D:4      | Found a glowing drain.
  2682 | Sewer    | Entered a sewer
  2752 | Sewer    | Gained mutation: You cannot study or cast Poison magic. [Ru
                  | sacrifice]
  2752 | Sewer    | Gained mutation: You cannot study or cast Transmutations
                  | magic. [Ru sacrifice]
  2752 | Sewer    | Gained mutation: You cannot study or cast Conjurations
                  | magic. [Ru sacrifice]
  2752 | Sewer    | Reached * piety under Ru
  2963 | Sewer    | Found a burning altar of Makhleb.
  2982 | Sewer    | Noticed Grinder
  2992 | Sewer    | Your scales start taking on an icy white colour.
  2992 | Sewer    | Reached XP level 7. HP: 50/50 MP: 5/13
  2992 | Sewer    | Gained mutation: Your flesh is cold resistant. (rC+) [White
                  | Draconian growth]
  3010 | Sewer    | Killed Grinder
  3011 | Sewer    | Reached skill level 5 in Summonings
  3441 | D:4      | Found a blossoming altar of Fedhas.
  4218 | D:5      | Entered Level 5 of the Dungeon
  4218 | D:5      | Noticed Edmund
  4245 | D:5      | Killed Edmund
  4246 | D:5      | Reached XP level 8. HP: 35/57 MP: 14/14
  4488 | D:5      | Found a broken altar of Ashenzari.
  4497 | D:5      | Noticed Prince Ribbit
  4536 | D:5      | Killed Prince Ribbit
  5143 | D:6      | Reached skill level 5 in Fighting
  5452 | D:6      | Reached XP level 9. HP: 75/75 MP: 15/15
  5678 | D:6      | Found a glowing golden altar of the Shining One.
  5693 | D:6      | Gained mutation: You cannot study or use magical devices.
                  | [Ru sacrifice]
  5693 | D:6      | Reached ** piety under Ru
  5693 | D:6      | Reached *** piety under Ru
  5697 | D:6      | Found an ornate altar of the Wu Jian Council.
  5759 | D:6      | Found a staircase to the Ecumenical Temple.
  5924 | D:6      | Reached skill level 1 in Long Blades
  6206 | D:7      | Reached skill level 2 in Long Blades
  6409 | D:7      | Noticed Pikel
  6427 | D:7      | Killed Pikel
  6428 | D:7      | Reached skill level 5 in Long Blades
  6737 | D:7      | Reached skill level 6 in Long Blades
  7725 | D:8      | Noticed Maurice
  7741 | D:8      | Killed Maurice
  7742 | D:8      | Reached skill level 7 in Long Blades
  8084 | D:8      | Reached XP level 10. HP: 62/86 MP: 14/16
  8255 | D:8      | Reached skill level 8 in Long Blades
  8492 | D:9      | Gained mutation: You occasionally lose the ability to read
                  | scrolls when taking damage. [Ru sacrifice]
  8492 | D:9      | Gained mutation: You sometimes lose the ability to read
                  | scrolls when taking damage. [Ru sacrifice]
  8492 | D:9      | Reached **** piety under Ru
  8680 | D:9      | Reached skill level 9 in Long Blades
  8812 | D:9      | Noticed Joseph
  8821 | D:9      | Killed Joseph
  8971 | D:9      | Noticed Gastronok
  8981 | D:9      | Killed Gastronok
  8982 | D:9      | Reached skill level 10 in Long Blades
  9088 | D:9      | Learned a level 4 spell: Summon Lightning Spire
  9121 | D:9      | Found a stormy altar of Qazlal.
  9127 | D:9      | Noticed a two-headed ogre
  9137 | D:9      | Killed a two-headed ogre
  9168 | D:9      | Reached XP level 11. HP: 62/97 MP: 7/17
  9374 | D:9      | Found a snail-covered altar of Cheibriados.
  9687 | D:10     | Entered Level 10 of the Dungeon
  9688 | D:10     | Noticed Amaemon
  9729 | D:10     | Noticed Fannar
  9736 | D:10     | Killed Fannar
  9795 | D:10     | HP: 7/145 [scorpion[Amaemon] (1)]
  9796 | D:10     | Killed Amaemon
  9796 | D:10     | HP: 3/145 [poisoned by a scorpion]
  9796 | D:10     | Slain by an orange demon

Illustrated notes

Levels and vault maps discovered:
D:1:      scummos_arrival_simple_fountains, layout_basic, st_stairs_1
D:2:      layout_loops_corners, basic_altar, chequers_mini_garden, uniq_robin
D:3:      layout_loops_ring, nicolae_ru_great_annihilating_truth,
          general_overflow_altar, wad_floor_pattern_untrapped,
          grunt_ministairs_10, minmay_between, uniq_natasha
D:4:      layout_loops_ring, old_standard_altar, gup_sewer_entry_glass,
          dk_noncrumbling_3, minmay_hedge_maze, serial_park_tiny_1
D:5:      layout_rooms, nicolae_ashenzari_skybound, hangedman_decor_growths,
          uniq_edmund, uniq_prince_ribbit1
D:6:      layout_loops_ring, mainiacjoe_overflow_big_doors,
          minmay_temple_entry_junction, centaur_isle
D:7:      layout_cave_pools, serial_co_window_serial, co_window_cross_1,
          co_window_paths_a, co_window_paths_a, co_window_of_opportunity_a,
          co_window_paths_b, co_window_unsneaky_path_d,
          co_window_unsneaky_path_b, co_window_of_opportunity_b,
          co_window_corner_b, co_window_cross_2, co_window_broadway_a,
          co_window_4corner_a, glass_columns_a, glass_columns_a,
          glass_columns_a, glass_columns_b, uniq_pikel
D:8:      layout_loops_corners, minmay_puff, uniq_maurice
D:9:      layout_loops_corners, kennysheep_mini,
          nicolae_qazlal_style_of_elements, uniq_joseph, uniq_gastronok
D:10:     layout_stronghold, grunt_gozag_statues, erik_lair_island,
          serial_demonic, serial_demonic_e, serial_demonic_e, serial_demonic_a,
          serial_demonic_b, uniq_amaemon, uniq_fannar

Skill      XL: |  1  2  3  4  5  6  7  8  9 10 11 |
---------------+----------------------------------+-----
Spellcasting   | 3 4 |  4.0
Ice Magic      | 5 6 |  6.7
Summonings     | 2 4 7 8 |  8.5
Fighting       | 6 7 9 |  9.5
Long Blades    | 7 10 | 10.9
Dodging        | 2 |  2.3
Stealth        | |  1.7

Action                     |  1- 3 |  4- 6 |  7- 9 | 10-12 || total
---------------------------+-------+-------+-------+-------++-------
  Melee: Scimitar          |       |       |   100 |    19 ||   119
         Tailslap          |       |       |    22 |    15 ||    37
         Trident           |       |       |    47 |       ||    47
         Flail             |       |       |     2 |       ||     2
         Great sword       |       |       |       |    85 ||    85
   Fire: Sling             |   116 |   249 |    67 |       ||   432
   Cast: Freeze            |    10 |    26 |    35 |     4 ||    75
         Frozen Ramparts   |     1 |     5 |    20 |     5 ||    31
         Ozocubu's Armour  |       |     2 |     1 |     1 ||     4
         Summon Ice Beast  |       |       |    11 |     9 ||    20
 Invoke: Sacrifice Arcana  |       |     1 |       |       ||     1
         Sacrifice Artific |       |       |     1 |       ||     1
         Sacrifice Words   |       |       |       |     1 ||     1
Ability: Breathe Frost     |       |       |     1 |       ||     1
    Use: Scroll            |       |     2 |    10 |     5 ||    17
         Potion            |       |       |     4 |     3 ||     7
   Stab: Sleeping          |       |       |     1 |     3 ||     4
         Invisible         |       |       |     1 |     2 ||     3
 Armour: Skin              |    29 |   102 |   121 |    67 ||   319
  Dodge: Dodged            |    60 |   136 |   136 |    97 ||   429

Table legend: (Time is in decaauts)
 A = Elapsed time spent in this place.
 B = Non-inter-level travel time spent in this place.
 C = Inter-level travel time spent in this place.
 D = Time resting spent in this place.
 E = Time spent auto-exploring this place.
 F = Levels seen in this place.
 G = Mean time per level.
                   A        B        C        D        E       F      G
               +--------+--------+--------+--------+--------+-----+--------+
         Total |  10002 |   9719 |    283 |    406 |   7181 |  11 |  909.3 |
       Dungeon |   9269 |   8986 |    283 |    325 |   6832 |  10 |  926.9 |
         Sewer |    733 |    733 |      0 |     81 |    349 |   1 |  733.0 |
               +--------+--------+--------+--------+--------+-----+--------+

Top non-repeatable levels by time:
     D:8: 1302 daAuts
     D:9: 1245 daAuts
     D:6: 1056 daAuts
     D:7: 1043 daAuts
     D:3: 1016 daAuts
     D:4: 986 daAuts
     D:2: 945 daAuts
     D:5: 901 daAuts
   Sewer: 733 daAuts
     D:1: 689 daAuts
    D:10: 82 daAuts
